 Dungeon Crawl Stone Soup version 0.27-a0-1529-g1e82c303ef (webtiles) character file.

Game seed: 14136938138164522132

166 Sin92 the Skirmisher (level 5, 0/43 HPs)
             Began as a Demonspawn Fighter on July 11, 2021.
             Slain by a bullfrog skeleton (3 damage)
             ... on level 3 of the Dungeon.
             The game lasted 00:03:31 (3131 turns).

Sin92 the Skirmisher (Demonspawn Fighter)           Turns: 3131, Time: 00:03:32

Health: 0/43       AC:  7    Str: 17    XL:     5   Next: 22%
Magic:  5/5        EV:  7    Int:  9    God:
Gold:   80         SH:  9    Dex: 13    Spells: 4/4 levels left

rFire    . . .     SeeInvis +   a - +0 long sword
rCold    . . .     Faith    .   c - +0 kite shield
rNeg     . . .     Spirit   .   b - +0 scale mail
rPois    .         Reflect  .   h - +0 hat
rElec    .         Harm     .   (no cloak)
rCorr    .         Rampage  .   (no gloves)
Will     .....                  (no boots)
Stlth    ..........             (no amulet)
HPRegen  0.14/turn              g - ring of see invisible
MPRegen  0.09/turn              (no ring)

@: mighty
A: rugged brown scales 1, powered by pain 2
a: no special abilities


You were on level 3 of the Dungeon.
You visited 1 branch of the dungeon, and saw 3 of its levels.

You collected 80 gold pieces.

Inventory:

Hand Weapons
 a - a +0 long sword (weapon)
Armour
 b - a +0 scale mail (worn)
 c - a +0 kite shield (worn)
 h - a +0 hat (worn)
Jewellery
 g - a ring of see invisible (left hand)
Scrolls
 f - a scroll of blinking
Potions
 e - a potion of brilliance {unknown}
 i - a potion of magic {unknown}
 j - a potion of flight {unknown}
 k - 2 potions of haste
 l - a potion of heal wounds {unknown}
 m - a potion of mutation {unknown}


   Skills:
 + Level 3.6 Fighting
 * Level 3.2 Long Blades
 + Level 3.3 Armour
 + Level 1.5 Dodging
 + Level 3.2 Shields


You had 4 spell levels left.
You didn't know any spells.
Your spell library contained the following spells:

 Spells                   Type           Power      Damage    Failure   Level
 Corpse Rot               Necr/Air       N/A        N/A       100%        2
 Conjure Flame            Conj/Fire      0%         6-21      100%        3
 Ignite Poison            Fire/Tmut/Pois 0%         N/A       100%        3
 Dispel Undead            Necr           0%         3d6       100%        4
 Sticky Flame             Conj/Fire      0%         2d3       100%        4
 Death Channel            Necr           0%         N/A       100%        6


Dungeon Overview and Level Annotations

Branches:
Dungeon (3/15)

Altars:


Innate Abilities, Weirdness & Mutations

You are partially covered in rugged brown scales. (AC +1, +3% HP)
You sometimes gain power by taking damage.


Message History

You barely miss the scorpion.
You feel sick. The scorpion stings you. You block the scorpion's attack.
You slash the scorpion!
The scorpion is heavily wounded.
You feel sick. The scorpion barely misses you. The scorpion stings you!
You closely miss the scorpion.
The scorpion is heavily wounded.
You feel sick. The scorpion barely misses you.
The scorpion stings you but does no damage.
You hit the scorpion.
The scorpion is heavily wounded.
You feel sick.
You are no longer poisoned.
The scorpion barely misses you. The scorpion stings you.
* * * LOW HITPOINT WARNING * * *
You slash the scorpion!
You kill the scorpion!
Your Long Blades skill increases to level 3!
You have reached level 5!
Your demonic ancestry asserts itself...
You feel even more energised by your suffering.
Found a scroll of amnesia.
A worm comes into view.
You slash the worm!
The worm is heavily wounded.
The worm bites you!
* * * LOW HITPOINT WARNING * * *
You hit the worm.
The worm is heavily wounded.
The worm bites you but does no damage.
You slash the worm!
You kill the worm!
Found 12 gold pieces.
Found 11 gold pieces.
A bullfrog skeleton comes into view.
The bullfrog skeleton barely misses you.
The bullfrog skeleton hits you.
* * * LOW HITPOINT WARNING * * *
The bullfrog skeleton hits you.
You die...

#.$.#.# #.#.#.# #.#.#.#
#.#.#.# ######.#.#.#
##### ...##.#.#.####
#.....##Z##.#.#....#####
.......@................
...$........#..###.#####
#.######.......# #.#
#######.# #.# #.# #.#
#.# #.# #.# #.# #.#
#.##### #.###'#<...


You could see a bullfrog skeleton.

Vanquished Creatures
  A scorpion (D:3)
  Natasha (D:3)
  2 adders (D:2)
  An adder skeleton (D:2)
  4 worms
  4 dart slugs
  4 bats
  2 endoplasms
  3 goblins
  4 hobgoblins (D:1)
  3 jackals (D:1)
  5 quokkas
  7 ball pythons
  2 frilled lizards
  A kobold (D:2)
  A rat (D:3)
45 creatures vanquished.

Notes
Turn   | Place    | Note
-------+----------+-------------------------------------------
     0 | D:1      | Sin92 the Demonspawn Fighter began the quest for the Orb.
     0 | D:1      | Reached XP level 1. HP: 18/18 MP: 1/1
   238 | D:1      | Gained mutation: You sometimes gain a little power by
                  | taking damage. [demonic ancestry]
   238 | D:1      | Reached XP level 2. HP: 22/24 MP: 2/2
   626 | D:1      | Found a faded altar of an unknown god.
   944 | D:1      | Reached XP level 3. HP: 16/29 MP: 3/3
  1770 | D:2      | Reached skill level 1 in Dodging
  2306 | D:2      | Gained mutation: You are partially covered in rugged brown
                  | scales. (AC +1, +3% HP) [demonic ancestry]
  2306 | D:2      | Reached XP level 4. HP: 28/36 MP: 4/4
  2890 | D:3      | Noticed Natasha
  2901 | D:3      | Killed Natasha
  3091 | D:3      | Noticed a scorpion
  3102 | D:3      | Killed a scorpion
  3103 | D:3      | Gained mutation: You sometimes gain power by taking damage.
                  | [demonic ancestry]
  3103 | D:3      | Reached XP level 5. HP: 11/43 MP: 5/5
  3131 | D:3      | Slain by a bullfrog skeleton

Illustrated notes

Levels and vault maps discovered:
D:1:      dpeg_arrival_rhombus, layout_loops_ring,
          dilly_ecumenical_altar_fadedgnrine
D:2:      layout_loops_corners, kennysheep_generic_room_6
D:3:      layout_basic, kennysheep_cross_bottleneck, uniq_natasha

Skill      XL: |  1  2  3  4 |
---------------+-------------+-----
Long Blades    | 2 3 |  3.2
Armour         | 3 |  3.3
Dodging        | 1 |  1.5
Shields        | 3 |  3.2
Fighting       | |  3.6

Action                   |  1- 3 |  4- 6 || total
-------------------------+-------+-------++-------
Melee: Long sword        |   133 |    34 ||   167
  Use: Scroll            |     5 |       ||     5
       Potion            |     1 |     1 ||     2
Armor: Scale mail        |    77 |     9 ||    86
Dodge: Dodged            |    44 |    10 ||    54
Block: Kite shield       |    78 |    15 ||    93
       Rpst.: Long sword |    19 |     2 ||    21

Table legend: (Time is in decaauts)
 A = Elapsed time spent in this place.
 B = Non-inter-level travel time spent in this place.
 C = Inter-level travel time spent in this place.
 D = Time resting spent in this place.
 E = Time spent auto-exploring this place.
 F = Levels seen in this place.
 G = Mean time per level.
                   A        B        C        D        E       F      G
               +--------+--------+--------+--------+--------+-----+--------+
         Total |   3216 |   3129 |     87 |    360 |   2334 |   3 | 1072.0 |
       Dungeon |   3216 |   3129 |     87 |    360 |   2334 |   3 | 1072.0 |
               +--------+--------+--------+--------+--------+-----+--------+

Top non-repeatable levels by time:
     D:2: 1508 daAuts
     D:1: 1195 daAuts
     D:3: 513 daAuts
